 Dungeon Crawl Stone Soup version 0.30-a0-830-gfe289a77b0 (webtiles) character file.

Game seed: 11320611645148632786

560 Iich the Cleaver (level 7, -1/63 HPs)
             Began as a Hill Orc Fighter on Feb 28, 2023.
             Killed by the air
             ... invoked by quinnr's ghost
              (17 damage)
             ... on level 4 of the Dungeon.
             The game lasted 00:07:14 (3462 turns).

Iich the Cleaver (Hill Orc Fighter)                 Turns: 3462, Time: 00:07:15

Health: -1/63      AC: 11    Str: 18    XL:     7   Next: 31%
Magic:  7/7        EV:  9    Int:  7    God:
Gold:   267        SH:  5    Dex: 16    Spells: 6/6 levels left

rFire   . . .      SeeInvis .    a - +0 war axe
rCold   . . .      Faith    .    c - +0 buckler
rNeg    . . .      Spirit   .    b - +0 scale mail
rPois   .          Reflect  .    (no helmet)
rElec   .          Harm     .    n - +1 cloak
rCorr   .          Rampage  .    (no gloves)
Will    .....                    s - +1 pair of boots Stlth
                                 d - amulet of regeneration
HPRegen 1.10/turn                (no ring)
MPRegen 0.10/turn                (no ring)

@: no status effects
A: agile 1
a: no special abilities


You were on level 4 of the Dungeon.
You visited 1 branch of the dungeon, and saw 4 of its levels.

You collected 267 gold pieces.

Inventory:

Hand Weapons
 a - a +0 war axe (weapon)
Missiles
 j - 2 throwing nets (quivered)
Armour
 b - a +0 scale mail (worn)
 c - a +0 buckler (worn)
 n - a +1 cloak (worn)
 s - a +1 pair of boots (worn)
Jewellery
 d - an amulet of regeneration (around neck)
 f - an amulet of the acrobat
 i - a +6 ring of intelligence
Scrolls
 e - a scroll of magic mapping
 g - 2 scrolls of teleportation
 h - a scroll of brand weapon
 k - a scroll of noise
 m - a scroll of silence
 p - 2 scrolls of identify
Potions
 l - a potion of berserk rage
 o - a potion of curing
 q - a potion of lignification


   Skills:
 + Level 6.3 Fighting
 * Level 8.6 Axes
 - Level 3.2 Armour
 - Level 3.2 Shields


You had 6 spell levels left.
You didn't know any spells.
Your spell library contained the following spells:

 Spells                   Type           Power      Damage    Failure   Level
 Summon Small Mammal      Summ           0%         N/A       88%         1
 Lesser Beckoning         Tloc           0%         N/A       96%         2
 Call Canine Familiar     Summ           0%         N/A       99%         3
 Gell's Gravitas          Tloc           0%         N/A       99%         3
 Summon Guardian Golem    Hex/Summ       0%         N/A       99%         3
 Teleport Other           Tloc           0%         N/A       99%         3


Dungeon Overview and Level Annotations

Branches:
Dungeon (4/15)
 Temple: D:4-7

Altars:
Fedhas
Hepliaklqana

Annotations:
D:4 quinnr's ghost, novice NaAE


Innate Abilities, Weirdness & Mutations

You are agile. (Dex +4, Str/Int -1)


Message History

You hit quinnr's ghost.
Quinnr's ghost is moderately damaged.
Quinnr's ghost hits you but does no damage.
You hit quinnr's ghost.
Quinnr's ghost is heavily damaged.
Quinnr's ghost hits you but does no damage.
You slash quinnr's ghost!
Quinnr's ghost is heavily damaged.
Quinnr's ghost casts a spell.
You are struck by an arc of lightning!
Quinnr's ghost is struck by an arc of lightning.
You are struck by an arc of lightning.
Quinnr's ghost is struck by an arc of lightning.
You are struck by an arc of lightning!
The lightning grounds out.
Quinnr's ghost hits you but does no damage.
You barely miss quinnr's ghost.
Quinnr's ghost is severely damaged.
Quinnr's ghost waves its arms in wide circles.
The air twists around and strikes you!!
* * * LOW HITPOINT WARNING * * *
You hit quinnr's ghost.
Quinnr's ghost is severely damaged.
Quinnr's ghost hits you but does no damage.
You slash quinnr's ghost!
Quinnr's ghost is almost destroyed.
Quinnr's ghost waves its arms in wide circles.
The air twists around and strikes you!
* * * LOW HITPOINT WARNING * * *
You barely miss quinnr's ghost.
Quinnr's ghost is almost destroyed.
Quinnr's ghost barely misses you.
You barely miss quinnr's ghost.
Quinnr's ghost is almost destroyed.
Quinnr's ghost hits you but does no damage.
You are electrocuted!
* * * LOW HITPOINT WARNING * * *
You feel better.
Quinnr's ghost waves its arms in wide circles.
The air twists around and strikes you!
You die...

#.##.###### #.#.#####.#
#.##......# #.#.....).#######
#.##.####.## #.##.<...........
#..........####.##.####..#####.
######<##.#.......##.####..#####.
...# #.##.....#..###.#........##.
.#.###.....>.......#.#......#†##.
.....#######.......#........#....
.....# ####'@#######.........
##)..# #..≈W.~.# #.##.#####
##...# #..⌠.#≈~#####.##.# .....#
#.#~~.§.##.......#####
#.#..########~.$..#.#...##..##...
#.#..##....####.#.###...##...#...
........(..##########...#........
#...###...........#.#..###...#...
#..<# ###.#.........#.......##...


You could see quinnr's ghost.

Vanquished Creatures
  An ogre (D:4)
  2 scorpions (D:4)
  An orc priest (D:4)
  2 jellies (D:4)
  An iguana (D:4)
  An orc wizard (D:4)
  7 gnolls (D:2)
  6 adders
  A worm (D:2)
  2 dart slugs
  4 orcs (D:4)
  5 ball pythons
  8 bats
  6 endoplasms
  3 giant cockroaches
  10 hobgoblins
  9 jackals
  3 quokkas
  3 frilled lizards
  5 goblins
  6 kobolds
  15 rats
101 creatures vanquished.

Notes
Turn   | Place    | Note
-------+----------+-------------------------------------------
     0 | D:1      | Iich the Hill Orc Fighter began the quest for the Orb.
     0 | D:1      | Reached XP level 1. HP: 19/19 MP: 1/1
    45 | D:1      | Reached skill level 3 in Axes
    70 | D:1      | Reached XP level 2. HP: 22/27 MP: 2/2
   312 | D:1      | Gained mutation: You occasionally lose the ability to read
                  | scrolls when taking damage. [potion of mutation]
   312 | D:1      | Gained mutation: You are clumsy. (Dex -2) [potion of
                  | mutation]
   312 | D:1      | Lost mutation: You are clumsy. (Dex -2) [potion of
                  | mutation]
   372 | D:1      | Lost mutation: You occasionally lose the ability to read
                  | scrolls when taking damage. [potion of mutation]
   372 | D:1      | Gained mutation: You are agile. (Dex +4, Str/Int -1)
                  | [potion of mutation]
   389 | D:1      | Reached skill level 4 in Axes
   404 | D:1      | Reached XP level 3. HP: 31/33 MP: 3/3
   884 | D:2      | Reached XP level 4. HP: 41/41 MP: 4/4
   893 | D:2      | Reached skill level 5 in Axes
  1071 | D:2      | Found a hazy altar of Hepliaklqana.
  1275 | D:2      | Reached XP level 5. HP: 44/47 MP: 5/5
  1890 | D:2      | Reached skill level 5 in Fighting
  1890 | D:2      | Reached skill level 6 in Axes
  2623 | D:4      | Noticed an ogre
  2725 | D:4      | Reached XP level 6. HP: 56/56 MP: 6/6
  2787 | D:4      | Reached skill level 7 in Axes
  2906 | D:4      | Reached skill level 8 in Axes
  2968 | D:4      | Reached XP level 7. HP: 60/63 MP: 7/7
  3101 | D:4      | Found a blossoming altar of Fedhas.
  3139 | D:4      | Found a large runed translucent door.
  3139 | D:4      | Found a large runed translucent door.
  3151 | D:4      | Noticed quinnr's ghost (novice NaAE)
  3462 | D:4      | Killed from afar by quinnr's ghost

Illustrated notes

Levels and vault maps discovered:
D:1:      dpeg_arrival_castle, layout_rooms, kennysheep_nondescript,
          minmay_rat_gold_closets
D:2:      layout_loops_ring, basic_altar, amcnicky_mini_corridor_feature,
          serial_park_tiny_1, kennysheep_generic_room_7
D:3:      layout_loops_corners, minmay_misc_feat_iff
D:4:      layout_loops_cross, mainiacjoe_overflow_catwalk,
          ebering_ghost_disaster_area

Skill      XL: |  1  2  3  4  5  6 |
---------------+-------------------+-----
Axes           | 3 4 5 6 8 |  8.6
Fighting       | 4 5 6 |  6.3
Armour         | |  3.2
Shields        | |  3.2

Action                     |  1- 3 |  4- 6 |  7- 9 || total
---------------------------+-------+-------+-------++-------
  Melee: War axe           |    87 |   122 |    42 ||   251
    Use: Potion            |     3 |     6 |     1 ||    10
         Scroll            |     2 |     6 |     1 ||     9
 Armour: Scale mail        |    37 |    38 |    20 ||    95
         Skin              |       |    31 |       ||    31
  Dodge: Dodged            |    40 |    50 |    11 ||   101
  Block: Buckler           |    15 |    38 |     4 ||    57

Table legend: (Time is in decaauts)
 A = Elapsed time spent in this place.
 B = Non-inter-level travel time spent in this place.
 C = Inter-level travel time spent in this place.
 D = Time resting spent in this place.
 E = Time spent auto-exploring this place.
 F = Levels seen in this place.
 G = Mean time per level.
                   A        B        C        D        E       F      G
               +--------+--------+--------+--------+--------+-----+--------+
         Total |   3545 |   3470 |     75 |    162 |   2470 |   4 |  886.2 |
       Dungeon |   3545 |   3470 |     75 |    162 |   2470 |   4 |  886.2 |
               +--------+--------+--------+--------+--------+-----+--------+

Top non-repeatable levels by time:
     D:3: 1137 daAuts
     D:2: 998 daAuts
     D:4: 782 daAuts
     D:1: 627 daAuts
